Calgary Flames vs Vegas Golden Knights
Created - Wednesday, November 13, 2024 at 07:52
Goals
|
| Calgary Flames |
1 |
2 |
1 |
4 |
| Vegas Golden Knights |
0 |
3 |
2 |
5 |
|
Shots
|
| Calgary Flames |
9 |
12 |
19 |
40 |
| Vegas Golden Knights |
8 |
24 |
12 |
44 |
|
1st period
1. Calgary Flames , Matthew Tkachuk 27 (Joel Eriksson Ek 34) at 0:54 (PP)
Penalties :
Marc-Edouard Vlasic (VGK) for Holding (Minor) at 0:53, Jeremy Lauzon (CGY) for Goalie Interference (Minor) at 3:03, Ilya Sorokin (CGY) for Slashing (Double Minor) at 11:41 - Vincent Desharnais served the penalty, Garnet Hathaway (CGY) for Cross-checking (Minor) at 17:34
2nd period
2. Calgary Flames , Cole Sillinger 9 (Matthew Tkachuk 44) at 2:26 (SH)
3. Vegas Golden Knights , Bryan Rust 24 (Auston Matthews 45) at 3:04 (PP)
4. Calgary Flames , Sebastian Aho 34 (Joel Eriksson Ek 35, Vincent Desharnais 6) at 8:33
5. Vegas Golden Knights , Sean Couturier 22 (Shea Theodore 15, Jordan Staal 22) at 11:58 (SH)
6. Vegas Golden Knights , Sean Couturier 23 (Danton Heinen 16) at 14:09
Penalties :
Joel Eriksson Ek (CGY) for Hooking (Minor) at 2:05, Matthew Tkachuk (CGY) for Tripping (Minor) at 3:09, Marc-Edouard Vlasic (VGK) for Cross-checking (Minor) at 10:59
3rd period
7. Vegas Golden Knights , Auston Matthews 39 (Roman Josi 31, Reilly Smith 24) at 10:29
8. Vegas Golden Knights , Roman Josi 14 (Auston Matthews 46, Reilly Smith 25) at 15:04
9. Calgary Flames , Yakov Trenin 7 (Garnet Hathaway 9, Kris Letang 17) at 18:20
Penalties :
Roman Josi (VGK) for Hooking (Minor) at 12:31, Cole Sillinger (CGY) for Tripping (Minor) at 15:47
Goalie Stats
Ilya Sorokin (CGY), 39 saves from 44 shots - (0.886), L, 29-14-4, 58:44 minutes
Cayden Primeau (VGK), 36 saves from 40 shots - (0.900), W, 25-4-5, 60:00 minutes
Players Stats for Calgary Flames
Player Name G A P +/- PIM S H SB GA TA FO MP PP MP PK MP
------------------------------------------------------------------------------------
Cole Sillinger 1 0 1 0 2 4 1 0 0 0 3/5 14:57 0:00 2:26
Drew Doughty 0 0 0 1 0 2 1 4 0 1 0/0 25:14 1:49 6:30
Garnet Hathaway 0 1 1 1 2 1 2 0 0 0 0/0 7:05 0:00 0:00
J.T. Miller 0 0 0 -1 0 2 0 2 0 0 13/20 16:07 1:39 1:18
Jake Middleton 0 0 0 -1 0 4 2 0 0 0 0/0 19:17 0:00 5:53
Jeremy Lauzon 0 0 0 -1 2 0 2 1 0 0 0/0 16:23 2:10 0:58
Joel Eriksson Ek 0 2 2 -1 2 4 1 2 1 0 5/8 18:09 2:20 5:03
Kris Letang 0 1 1 1 0 1 2 1 0 0 0/0 24:48 1:49 6:30
Mathieu Joseph 0 0 0 -1 0 4 1 0 1 0 0/1 12:14 0:00 0:00
Matthew Tkachuk 1 1 2 1 2 3 0 1 0 0 0/3 20:11 2:20 4:43
Nic Dowd 0 0 0 1 0 3 0 2 0 0 2/3 7:16 0:00 0:00
Oliver Bjorkstrand 0 0 0 -1 0 3 1 0 0 0 1/3 12:31 0:00 0:00
Pavel Zacha 0 0 0 0 0 1 1 1 1 0 4/8 21:05 2:20 6:20
Rasmus Andersson 0 0 0 -2 0 2 0 0 0 1 0/0 22:39 2:10 5:57
Sebastian Aho 1 0 1 -2 0 3 3 1 0 0 4/10 18:02 1:39 5:54
Vincent Desharnais 0 1 1 0 0 0 1 0 0 1 0/0 11:53 0:00 0:00
Yakov Trenin 1 0 1 1 0 1 0 1 0 0 0/0 6:57 0:00 0:00
Zach Hyman 0 0 0 -2 0 2 1 1 0 0 0/1 12:13 1:39 0:04
Players Stats for Vegas Golden Knights
Player Name G A P +/- PIM S H SB GA TA FO MP PP MP PK MP
------------------------------------------------------------------------------------
Auston Matthews 1 2 3 0 0 5 5 0 1 0 10/24 18:41 6:24 0:00
Bryan Rust 1 0 1 1 0 7 2 0 0 0 0/0 18:28 6:24 0:00
Curtis Lazar 0 0 0 0 0 0 0 0 1 0 0/0 8:15 0:03 0:00
Danton Heinen 0 1 1 1 0 2 1 1 0 0 0/1 10:44 1:01 0:00
John Marino 0 0 0 0 0 1 1 3 1 0 0/0 23:01 6:04 2:08
Jordan Staal 0 1 1 1 0 0 1 1 0 0 2/2 13:28 0:36 1:47
Marc-Edouard Vlasic 0 0 0 -1 4 2 1 0 0 0 0/0 15:02 0:57 0:41
Pierre-edouard Bellemare 0 0 0 0 0 5 1 1 0 0 0/5 11:26 0:19 2:12
Reilly Smith 0 2 2 0 0 3 1 0 0 0 0/3 18:35 6:19 0:00
Roman Josi 1 1 2 1 2 4 1 1 0 0 0/0 20:12 6:32 0:00
Ryan Graves 0 0 0 2 0 3 1 0 0 0 0/0 18:13 0:00 2:08
Sean Couturier 2 0 2 2 0 2 1 0 0 0 10/14 12:39 0:00 1:47
Sean Monahan 0 0 0 -1 0 2 2 0 0 0 8/13 17:33 5:34 0:00
Shea Theodore 0 1 1 0 0 1 1 0 0 0 0/0 20:46 6:32 1:10
Thomas Chabot 0 0 0 0 0 3 1 1 0 1 0/0 22:44 5:43 1:51
Trevor Lewis 0 0 0 0 0 1 0 0 0 1 0/0 10:59 0:48 2:12
Tyler Bertuzzi 0 0 0 -1 0 3 2 0 0 0 0/0 17:39 5:40 0:00
Tyler Toffoli 0 0 0 -1 0 0 1 0 0 1 0/0 17:33 5:34 0:00
3 Stars
1 - Sean Couturier (VGK)
2 - Auston Matthews (VGK)
3 - Roman Josi (VGK)
Power Play
Calgary Flames - 1 on 3 Attempt(s) - 33.33%
Vegas Golden Knights - 1 on 6 Attempt(s) - 16.67%
Penalty Kill
Calgary Flames - 5 on 6 Attempt(s) - 83.33%
- Score 1 goal in Penalty Kill
Vegas Golden Knights - 2 on 3 Attempt(s) - 66.67%
- Score 1 goal in Penalty Kill
Team Stat
Calgary Flames - Hits : 19 - Faceoff Wins : 32 - Blocked Shots : 17 - Penalty Minutes : 14
Vegas Golden Knights - Hits : 23 - Faceoff Wins : 30 - Blocked Shots : 8 - Penalty Minutes : 6
Official
Referees : Jordan Samuels and Brian Pochmara
Linesman : Mark Shewchyk and Travis Toomey
Game Notes
No Game Note
Finance
Level 1 -- Attendance: 6000 (100.00%) -- Ticket Income $570,000
Level 2 -- Attendance: 5000 (100.00%) -- Ticket Income $275,000
Level 3 -- Attendance: 2865 (95.50%) -- Ticket Income $85,950
Level 4 -- Attendance: 4824 (96.48%) -- Ticket Income $96,480
Luxury Box -- Attendance: 966 (96.60%) -- Ticket Income $183,540
Game was played at the T-Mobile Arena.
Total Attendance: 19655 (98.28%)
Total Ticket Income: $1,210,970
Other Income: $423,840
Total Income: $1,634,810
Calgary Flames
5 vs 5 Forward
Center Left Wing Right Wing Time % Phy DF OF
1 J.T. Miller Pavel Zacha Matthew Tkachuk 30 1 2 2
2 Sebastian Aho Zach Hyman Joel Eriksson Ek 30 1 2 2
3 Oliver Bjorkstrand Cole Sillinger Mathieu Joseph 25 1 2 2
4 Nic Dowd Yakov Trenin Garnet Hathaway 15 1 2 2
5 vs 5 Defense
Defense Defense Time % Phy DF OF
1 Drew Doughty Kris Letang 35 1 2 2
2 Rasmus Andersson Jake Middleton 35 1 2 2
3 Jeremy Lauzon Vincent Desharnais 30 1 2 2
4 Drew Doughty Kris Letang 0 1 2 2
PowerPlay Forward
Center Left Wing Right Wing Time % Phy DF OF
1 Joel Eriksson Ek Pavel Zacha Matthew Tkachuk 50 1 2 2
2 Sebastian Aho Zach Hyman J.T. Miller 50 1 2 2
PowerPlay Defense
Defense Defense Time % Phy DF OF
1 Drew Doughty Kris Letang 50 1 2 2
2 Rasmus Andersson Jeremy Lauzon 50 1 2 2
Penalty Kill 4 Players Forward
Center Wing Time % Phy DF OF
1 Pavel Zacha Sebastian Aho 50 1 2 2
2 Joel Eriksson Ek Matthew Tkachuk 50 1 2 2
Penalty Kill 4 Players Defense
Defense Defense Time % Phy DF OF
1 Drew Doughty Kris Letang 50 1 2 2
2 Rasmus Andersson Jake Middleton 50 1 2 2
Penalty Kill - 3 Players Forward
Forward Time % Phy DF OF
1 Matthew Tkachuk 50 1 2 2
2 Sebastian Aho 50 1 2 2
Penalty Kill - 3 Players Defense
Defense Defense Time % Phy DF OF
1 Drew Doughty Kris Letang 50 1 2 2
2 Rasmus Andersson Jeremy Lauzon 50 1 2 2
4 vs 4 Forward
Center Wing Time % Phy DF OF
1 Pavel Zacha Sebastian Aho 50 1 2 2
2 Joel Eriksson Ek Matthew Tkachuk 50 1 2 2
4 vs 4 Defense
Defense Defense Time % Phy DF OF
1 Drew Doughty Kris Letang 50 1 2 2
2 Rasmus Andersson Jake Middleton 50 1 2 2
Last Minutes Offensive
Center Left Wing Right Wing Defense Defense
J.T. Miller Pavel Zacha Matthew Tkachuk Drew Doughty Kris Letang
Last Minutes Defensive
Center Left Wing Right Wing Defense Defense
J.T. Miller Pavel Zacha Matthew Tkachuk Drew Doughty Kris Letang
Goaltenders
Starting : Ilya Sorokin
Backup : Samuel Montembeault
Extra Forwards
Normal : Nic Dowd, Oliver Bjorkstrand, Cole Sillinger - PP : Nic Dowd, Oliver Bjorkstrand - PK : Cole Sillinger
Extra Defensemen
Normal : Jake Middleton, Jeremy Lauzon, Rasmus Andersson - PP : Jake Middleton - PK : Jeremy Lauzon, Rasmus Andersson
Penalty Shots
J.T. Miller, Sebastian Aho, Joel Eriksson Ek, Matthew Tkachuk, Pavel Zacha
Scratches
Jeff Petry (Healthy), Timo Meier (Healthy), Noel Acciari (Healthy), Rafael Harvey-Pinard (Healthy)
Vegas Golden Knights
5 vs 5 Forward
Center Left Wing Right Wing Time % Phy DF OF
1 Auston Matthews Bryan Rust Reilly Smith 30 1 2 2
2 Sean Monahan Tyler Toffoli Tyler Bertuzzi 30 1 2 2
3 Sean Couturier Jordan Staal Danton Heinen 25 1 2 2
4 Pierre-edouard Bellemare Curtis Lazar Trevor Lewis 15 1 2 2
5 vs 5 Defense
Defense Defense Time % Phy DF OF
1 Roman Josi Ryan Graves 35 1 2 2
2 Marc-Edouard Vlasic Thomas Chabot 35 1 2 2
3 John Marino Shea Theodore 30 1 2 2
4 Roman Josi Ryan Graves 0 1 2 2
PowerPlay Forward
Center Left Wing Right Wing Time % Phy DF OF
1 Auston Matthews Bryan Rust Reilly Smith 50 1 2 2
2 Sean Monahan Tyler Toffoli Tyler Bertuzzi 50 1 2 2
PowerPlay Defense
Defense Defense Time % Phy DF OF
1 Roman Josi Shea Theodore 50 1 2 2
2 John Marino Thomas Chabot 50 1 2 2
Penalty Kill 4 Players Forward
Center Wing Time % Phy DF OF
1 Sean Couturier Jordan Staal 50 1 2 2
2 Pierre-edouard Bellemare Trevor Lewis 50 1 2 2
Penalty Kill 4 Players Defense
Defense Defense Time % Phy DF OF
1 John Marino Ryan Graves 50 1 2 2
2 Marc-Edouard Vlasic Thomas Chabot 50 1 2 2
Penalty Kill - 3 Players Forward
Forward Time % Phy DF OF
1 Jordan Staal 50 1 2 2
2 Sean Couturier 50 1 2 2
Penalty Kill - 3 Players Defense
Defense Defense Time % Phy DF OF
1 John Marino Ryan Graves 50 1 2 2
2 Marc-Edouard Vlasic Thomas Chabot 50 1 2 2
4 vs 4 Forward
Center Wing Time % Phy DF OF
1 Auston Matthews Bryan Rust 50 1 2 2
2 Sean Monahan Tyler Toffoli 50 1 2 2
4 vs 4 Defense
Defense Defense Time % Phy DF OF
1 Roman Josi Ryan Graves 50 1 2 2
2 Marc-Edouard Vlasic Thomas Chabot 50 1 2 2
Last Minutes Offensive
Center Left Wing Right Wing Defense Defense
Auston Matthews Bryan Rust Sean Monahan Roman Josi Thomas Chabot
Last Minutes Defensive
Center Left Wing Right Wing Defense Defense
Sean Couturier Jordan Staal Pierre-edouard Bellemare John Marino Ryan Graves
Goaltenders
Starting : Cayden Primeau
Backup : Alexandar Georgiev
Extra Forwards
Normal : Danton Heinen, Trevor Lewis, Curtis Lazar - PP : Danton Heinen, Trevor Lewis - PK : Curtis Lazar
Extra Defensemen
Normal : John Marino, Roman Josi, Marc-Edouard Vlasic - PP : John Marino - PK : Shea Theodore, Thomas Chabot
Penalty Shots
Sean Monahan, Tyler Toffoli, Sean Couturier, Reilly Smith, Jordan Staal
Scratches
Maxime Comtois (Healthy), Travis Hamonic (Healthy), Conor Sheary (Healthy)
% Time on Ice - Calgary Flames
Lines # - Real PCT - Wanted PCT - Time Play
Normal Forward
1 - 27% - 30% - 11:12
2 - 27% - 30% - 11:31
3 - 29% - 25% - 12:14
4 - 17% - 15% - 6:57
Normal Defense
1 - 36% - 35% - 15:14
2 - 35% - 35% - 14:51
3 - 28% - 30% - 11:49
4 - 0% - 0% - 0:00
PP Forward
1 - 59% - 50% - 2:20
2 - 41% - 50% - 1:39
PP Defense
1 - 46% - 50% - 1:49
2 - 54% - 50% - 2:10
PK Forward
1 - 49% - 50% - 6:20
2 - 51% - 50% - 6:34
PK Defense
1 - 50% - 50% - 6:30
2 - 50% - 50% - 6:24
PK3 Forward
1 - 0% - 50%
2 - 0% - 50%
PK3 Defense
1 - 0% - 50%
2 - 0% - 50%
44 Forward
1 - 0% - 50%
2 - 0% - 50%
44 Defense
1 - 0% - 50%
2 - 0% - 50%
Last Minute Offensive - 1:13
Last Minute Defensive - 0:00
Total
Forward - 60:00
Defense - 60:00
|
% Time on Ice - Vegas Golden Knights
Lines # - Real PCT - Wanted PCT - Time Play
Normal Forward
1 - 29% - 30% - 12:05
2 - 30% - 30% - 12:29
3 - 23% - 25% - 9:38
4 - 18% - 15% - 7:42
Normal Defense
1 - 36% - 35% - 15:11
2 - 35% - 35% - 14:40
3 - 29% - 30% - 12:03
4 - 0% - 0% - 0:00
PP Forward
1 - 50% - 50% - 6:24
2 - 50% - 50% - 6:30
PP Defense
1 - 51% - 50% - 6:32
2 - 49% - 50% - 6:22
PK Forward
1 - 45% - 50% - 1:47
2 - 55% - 50% - 2:12
PK Defense
1 - 54% - 50% - 2:08
2 - 46% - 50% - 1:51
PK3 Forward
1 - 0% - 50%
2 - 0% - 50%
PK3 Defense
1 - 0% - 50%
2 - 0% - 50%
44 Forward
1 - 0% - 50%
2 - 0% - 50%
44 Defense
1 - 0% - 50%
2 - 0% - 50%
Last Minute Offensive - 0:00
Last Minute Defensive - 1:13
Total
Forward - 60:00
Defense - 60:00
|
Play-by-Play
1st period
0:01 of 1st period - J.T. Miller wins face-off versus Auston Matthews in neutral zone.
0:04 of 1st period - Snap shot by Matthew Tkachuk.
0:04 of 1st period - Deflect By J.T. Miller.
0:04 of 1st period - Shot Misses the Net.
0:04 of 1st period - Puck is out of play.
0:05 of 1st period - J.T. Miller wins face-off versus Auston Matthews in Vegas Golden Knights zone.
0:21 of 1st period - Drew Doughty is hit by Auston Matthews and loses puck.
0:34 of 1st period - Wrist shot by Tyler Toffoli.
0:34 of 1st period - Shot Blocked by Drew Doughty.
0:36 of 1st period - Wrist shot by Sean Monahan.
0:36 of 1st period - Shot Misses the Net.
0:38 of 1st period - Snap shot by Roman Josi.
0:38 of 1st period - Stopped by Ilya Sorokin with a rebound.
0:40 of 1st period - Slapshot by Ryan Graves.
0:40 of 1st period - Deflect By Sean Monahan.
0:40 of 1st period - Stopped by Ilya Sorokin without a rebound.
0:41 of 1st period - Sean Couturier wins face-off versus Cole Sillinger in Calgary Flames zone.
0:53 of 1st period - Minor Penalty to Marc-Edouard Vlasic for Holding.
0:54 of 1st period - Joel Eriksson Ek wins face-off versus Sean Couturier in Vegas Golden Knights zone.
0:54 of 1st period - Snap shot by Matthew Tkachuk.
0:54 of 1st period - Goal by Matthew Tkachuk - Calgary Flames : 1 - Vegas Golden Knights : 0.
0:55 of 1st period - Nic Dowd wins face-off versus Pierre-edouard Bellemare in neutral zone.
1:22 of 1st period - John Marino is hit by Jeremy Lauzon and loses puck.
1:31 of 1st period - Snap shot by Oliver Bjorkstrand.
1:31 of 1st period - Stopped by Cayden Primeau with a rebound.
1:33 of 1st period - Wrist shot by Cole Sillinger.
1:33 of 1st period - Stopped by Cayden Primeau with a rebound.
1:35 of 1st period - Snap shot by Jake Middleton.
1:35 of 1st period - Stopped by Cayden Primeau with a rebound.
2:07 of 1st period - Snap shot by Bryan Rust.
2:07 of 1st period - Shot Blocked by Drew Doughty.
2:09 of 1st period - Snap shot by Bryan Rust.
2:09 of 1st period - Shot Blocked by Pavel Zacha.
2:11 of 1st period - Wrist shot by Bryan Rust.
2:11 of 1st period - Shot Blocked by Matthew Tkachuk.
2:34 of 1st period - Slapshot by Nic Dowd.
2:34 of 1st period - Stopped by Cayden Primeau with a rebound.
2:36 of 1st period - Slapshot by Drew Doughty.
2:36 of 1st period - Shot Misses the Net.
2:38 of 1st period - Slapshot by Drew Doughty.
2:38 of 1st period - Shot Misses the Net.
2:44 of 1st period - Wrist shot by Nic Dowd.
2:44 of 1st period - Stopped by Cayden Primeau without a rebound.
2:45 of 1st period - Sean Monahan wins face-off versus Sebastian Aho in Vegas Golden Knights zone.
2:56 of 1st period - Snap shot by Tyler Toffoli.
2:56 of 1st period - Shot Misses the Net.
3:03 of 1st period - Minor Penalty to Jeremy Lauzon for Goalie Interference.
3:04 of 1st period - Auston Matthews wins face-off versus Pavel Zacha in Calgary Flames zone.
3:04 of 1st period - Snap shot by Bryan Rust.
3:04 of 1st period - Stopped by Ilya Sorokin without a rebound.
3:05 of 1st period - Pavel Zacha wins face-off versus Reilly Smith in Calgary Flames zone.
3:05 of 1st period - Pavel Zacha is hit by Bryan Rust.
3:35 of 1st period - Slapshot by Joel Eriksson Ek.
3:35 of 1st period - Shot Misses the Net.
3:41 of 1st period - Matthew Tkachuk is hit by Shea Theodore and loses puck.
5:03 of 1st period - Penalty to Jeremy Lauzon is over, Jeremy Lauzon is back on ice.
5:28 of 1st period - Jeremy Lauzon is hit by Pierre-edouard Bellemare and loses puck.
6:00 of 1st period - Snap shot by Mathieu Joseph.
6:00 of 1st period - Shot Misses the Net.
6:12 of 1st period - Tyler Bertuzzi is hit by Jake Middleton and loses puck.
7:31 of 1st period - J.T. Miller is hit by Tyler Bertuzzi and loses puck.
7:48 of 1st period - Sean Monahan is hit by Mathieu Joseph and loses puck.
7:59 of 1st period - Garnet Hathaway is hit by Auston Matthews and loses puck.
8:04 of 1st period - Snap shot by Auston Matthews.
8:04 of 1st period - Shot Misses the Net.
8:43 of 1st period - Roman Josi is hit by Kris Letang and loses puck.
9:41 of 1st period - Danton Heinen is hit by Garnet Hathaway.
9:45 of 1st period - Yakov Trenin is hit by Danton Heinen and loses puck.
10:07 of 1st period - Slapshot by Roman Josi.
10:07 of 1st period - Stopped by Ilya Sorokin without a rebound.
10:08 of 1st period - J.T. Miller wins face-off versus Auston Matthews in Calgary Flames zone.
10:08 of 1st period - J.T. Miller is hit by Auston Matthews.
10:37 of 1st period - Snap shot by Tyler Toffoli.
10:37 of 1st period - Shot Blocked by Sebastian Aho.
10:39 of 1st period - Wrist shot by Ryan Graves.
10:39 of 1st period - Deflect By Rasmus Andersson.
10:39 of 1st period - Stopped by Ilya Sorokin with a rebound.
10:57 of 1st period - Snap shot by Mathieu Joseph.
10:57 of 1st period - Shot Blocked by Jordan Staal.
10:59 of 1st period - Slapshot by Oliver Bjorkstrand.
10:59 of 1st period - Shot Misses the Net.
11:01 of 1st period - Wrist shot by Mathieu Joseph.
11:01 of 1st period - Stopped by Cayden Primeau with a rebound.
11:15 of 1st period - Snap shot by Nic Dowd.
11:15 of 1st period - Stopped by Cayden Primeau with a rebound.
11:17 of 1st period - Slapshot by Vincent Desharnais.
11:17 of 1st period - Shot Blocked by Pierre-edouard Bellemare.
11:19 of 1st period - Wrist shot by Garnet Hathaway.
11:19 of 1st period - Shot Misses the Net.
11:41 of 1st period - Slapshot by Auston Matthews.
11:41 of 1st period - Stopped by Ilya Sorokin without a rebound.
11:41 of 1st period - Double Minor Penalty to Ilya Sorokin for Slashing.
11:42 of 1st period - Joel Eriksson Ek wins face-off versus Sean Monahan in Calgary Flames zone.
12:07 of 1st period - Sebastian Aho is hit by Bryan Rust and loses puck.
14:58 of 1st period - Kris Letang is hit by Jordan Staal and loses puck.
15:41 of 1st period - Penalty to Vincent Desharnais is over, Vincent Desharnais is back on ice.
17:05 of 1st period - Off-side.
17:06 of 1st period - Nic Dowd wins face-off versus Reilly Smith in neutral zone.
17:34 of 1st period - Minor Penalty to Garnet Hathaway for Cross-checking.
17:35 of 1st period - Auston Matthews wins face-off versus Pavel Zacha in Calgary Flames zone.
17:36 of 1st period - Snap shot by Bryan Rust.
17:36 of 1st period - Shot Misses the Net.
17:40 of 1st period - Slapshot by Auston Matthews.
17:40 of 1st period - Stopped by Ilya Sorokin without a rebound.
17:41 of 1st period - Pavel Zacha wins face-off versus Reilly Smith in Calgary Flames zone.
17:48 of 1st period - Slapshot by Rasmus Andersson.
17:48 of 1st period - Shot Misses the Net.
17:58 of 1st period - Snap shot by Pavel Zacha.
17:58 of 1st period - Stopped by Cayden Primeau with a rebound.
18:05 of 1st period - Icing by Bryan Rust.
18:06 of 1st period - Auston Matthews wins face-off versus Joel Eriksson Ek in Vegas Golden Knights zone.
18:27 of 1st period - Slapshot by Drew Doughty.
18:27 of 1st period - Shot Blocked by John Marino.
18:37 of 1st period - Off-side.
18:38 of 1st period - Sean Monahan wins face-off versus Joel Eriksson Ek in neutral zone.
18:49 of 1st period - Wrist shot by Tyler Bertuzzi.
18:49 of 1st period - Stopped by Ilya Sorokin with a rebound.
19:34 of 1st period - Penalty to Garnet Hathaway is over, Garnet Hathaway is back on ice.
Goals for this period are 1 for Calgary Flames vs 0 for Vegas Golden Knights.
Shots for this period are 9 for Calgary Flames vs 8 for Vegas Golden Knights.
2nd period
0:01 of 2nd period - Auston Matthews wins face-off versus Matthew Tkachuk in neutral zone.
0:12 of 2nd period - Slapshot by Drew Doughty.
0:12 of 2nd period - Shot Misses the Net.
0:28 of 2nd period - Sean Monahan is hit by Sebastian Aho and loses puck.
0:33 of 2nd period - Wrist shot by Sebastian Aho.
0:33 of 2nd period - Shot Misses the Net.
0:53 of 2nd period - Slapshot by Oliver Bjorkstrand.
0:53 of 2nd period - Stopped by Cayden Primeau with a rebound.
0:55 of 2nd period - Wrist shot by Cole Sillinger.
0:55 of 2nd period - Deflect By Mathieu Joseph.
0:55 of 2nd period - Stopped by Cayden Primeau without a rebound.
0:56 of 2nd period - Auston Matthews wins face-off versus Mathieu Joseph in Vegas Golden Knights zone.
1:30 of 2nd period - Wrist shot by Matthew Tkachuk.
1:30 of 2nd period - Stopped by Cayden Primeau with a rebound.
1:44 of 2nd period - Wrist shot by Pierre-edouard Bellemare.
1:44 of 2nd period - Stopped by Ilya Sorokin with a rebound.
1:46 of 2nd period - Slapshot by Ryan Graves.
1:46 of 2nd period - Stopped by Ilya Sorokin without a rebound.
1:47 of 2nd period - Sebastian Aho wins face-off versus Pierre-edouard Bellemare in Calgary Flames zone.
1:54 of 2nd period - Snap shot by Zach Hyman.
1:54 of 2nd period - Stopped by Cayden Primeau with a rebound.
2:05 of 2nd period - Minor Penalty to Joel Eriksson Ek for Hooking.
2:06 of 2nd period - Cole Sillinger wins face-off versus Sean Monahan in Calgary Flames zone.
2:11 of 2nd period - Sean Monahan is hit by Jake Middleton and loses puck.
2:18 of 2nd period - Slapshot by Roman Josi.
2:18 of 2nd period - Stopped by Ilya Sorokin without a rebound.
2:19 of 2nd period - Cole Sillinger wins face-off versus Auston Matthews in Calgary Flames zone.
2:26 of 2nd period - Wrist shot by Cole Sillinger.
2:26 of 2nd period - Goal by Cole Sillinger - Calgary Flames : 2 - Vegas Golden Knights : 0.
2:27 of 2nd period - Sean Monahan wins face-off versus Cole Sillinger in neutral zone.
2:44 of 2nd period - Sebastian Aho is hit by Sean Monahan and loses puck.
2:55 of 2nd period - Auston Matthews is hit by Cole Sillinger and loses puck.
3:04 of 2nd period - Snap shot by Bryan Rust.
3:04 of 2nd period - Goal by Bryan Rust - Calgary Flames : 2 - Vegas Golden Knights : 1.
3:05 of 2nd period - J.T. Miller wins face-off versus Auston Matthews in neutral zone.
3:09 of 2nd period - Minor Penalty to Matthew Tkachuk for Tripping.
3:10 of 2nd period - Cole Sillinger wins face-off versus Auston Matthews in Calgary Flames zone.
3:21 of 2nd period - Snap shot by Bryan Rust.
3:21 of 2nd period - Stopped by Ilya Sorokin without a rebound.
3:22 of 2nd period - Pavel Zacha wins face-off versus Sean Monahan in Calgary Flames zone.
3:27 of 2nd period - Tyler Bertuzzi is hit by Sebastian Aho.
3:33 of 2nd period - Snap shot by Sean Monahan.
3:33 of 2nd period - Stopped by Ilya Sorokin without a rebound.
3:34 of 2nd period - Joel Eriksson Ek wins face-off versus Auston Matthews in Calgary Flames zone.
3:46 of 2nd period - Slapshot by Jake Middleton.
3:46 of 2nd period - Stopped by Cayden Primeau with a rebound.
3:48 of 2nd period - Snap shot by Cole Sillinger.
3:48 of 2nd period - Shot Misses the Net.
3:50 of 2nd period - Wrist shot by Cole Sillinger.
3:50 of 2nd period - Stopped by Cayden Primeau with a rebound.
5:09 of 2nd period - Penalty to Matthew Tkachuk is over, Matthew Tkachuk is back on ice.
5:39 of 2nd period - Jake Middleton is hit by Marc-Edouard Vlasic and loses puck.
6:28 of 2nd period - Kris Letang is hit by Roman Josi and loses puck.
6:45 of 2nd period - Snap shot by Mathieu Joseph.
6:45 of 2nd period - Deflect By Sean Monahan.
6:45 of 2nd period - Stopped by Cayden Primeau with a rebound.
7:11 of 2nd period - Snap shot by J.T. Miller.
7:11 of 2nd period - Shot Misses the Net.
7:34 of 2nd period - Slapshot by Shea Theodore.
7:34 of 2nd period - Stopped by Ilya Sorokin with a rebound.
7:36 of 2nd period - Wrist shot by Shea Theodore.
7:36 of 2nd period - Shot Misses the Net.
7:52 of 2nd period - Snap shot by Auston Matthews.
7:52 of 2nd period - Shot Misses the Net.
7:54 of 2nd period - Snap shot by Reilly Smith.
7:54 of 2nd period - Stopped by Ilya Sorokin with a rebound.
8:00 of 2nd period - Snap shot by Bryan Rust.
8:00 of 2nd period - Stopped by Ilya Sorokin without a rebound.
8:01 of 2nd period - Sean Couturier wins face-off versus J.T. Miller in Calgary Flames zone.
8:02 of 2nd period - Wrist shot by Jordan Staal.
8:02 of 2nd period - Deflect By Sean Couturier.
8:02 of 2nd period - Shot Misses the Net.
8:02 of 2nd period - Puck is out of play.
8:03 of 2nd period - Jordan Staal wins face-off versus J.T. Miller in Calgary Flames zone.
8:33 of 2nd period - Slapshot by Sebastian Aho.
8:33 of 2nd period - Goal by Sebastian Aho - Calgary Flames : 3 - Vegas Golden Knights : 1.
8:34 of 2nd period - Auston Matthews wins face-off versus J.T. Miller in neutral zone.
8:37 of 2nd period - Snap shot by Shea Theodore.
8:37 of 2nd period - Shot Misses the Net.
8:39 of 2nd period - Wrist shot by Bryan Rust.
8:39 of 2nd period - Stopped by Ilya Sorokin with a rebound.
9:01 of 2nd period - Joel Eriksson Ek is hit by Sean Monahan and loses puck.
9:23 of 2nd period - Wrist shot by Pierre-edouard Bellemare.
9:23 of 2nd period - Stopped by Ilya Sorokin without a rebound.
9:24 of 2nd period - Oliver Bjorkstrand wins face-off versus Pierre-edouard Bellemare in Calgary Flames zone.
10:00 of 2nd period - Jake Middleton is hit by Reilly Smith and loses puck.
10:26 of 2nd period - Sean Couturier is hit by Joel Eriksson Ek and loses puck.
10:49 of 2nd period - Backhand shot by Tyler Bertuzzi.
10:49 of 2nd period - Stopped by Ilya Sorokin without a rebound.
10:50 of 2nd period - J.T. Miller wins face-off versus Auston Matthews in Calgary Flames zone.
10:50 of 2nd period - J.T. Miller is hit by Auston Matthews.
10:59 of 2nd period - Minor Penalty to Marc-Edouard Vlasic for Cross-checking.
11:00 of 2nd period - Sebastian Aho wins face-off versus Pierre-edouard Bellemare in Vegas Golden Knights zone.
11:14 of 2nd period - Wrist shot by J.T. Miller.
11:14 of 2nd period - Stopped by Cayden Primeau with a rebound.
11:16 of 2nd period - Slapshot by Rasmus Andersson.
11:16 of 2nd period - Stopped by Cayden Primeau with a rebound.
11:46 of 2nd period - Slapshot by Thomas Chabot.
11:46 of 2nd period - Deflect By Kris Letang.
11:46 of 2nd period - Stopped by Ilya Sorokin with a rebound.
11:48 of 2nd period - Slapshot by Thomas Chabot.
11:48 of 2nd period - Deflect By J.T. Miller.
11:48 of 2nd period - Stopped by Ilya Sorokin with a rebound.
11:50 of 2nd period - Snap shot by Jordan Staal.
11:50 of 2nd period - Shot Blocked by Drew Doughty.
11:56 of 2nd period - Slapshot by Shea Theodore.
11:56 of 2nd period - Shot Blocked by Zach Hyman.
11:58 of 2nd period - Snap shot by Sean Couturier.
11:58 of 2nd period - Goal by Sean Couturier - Calgary Flames : 3 - Vegas Golden Knights : 2.
11:59 of 2nd period - Joel Eriksson Ek wins face-off versus Sean Couturier in neutral zone.
12:59 of 2nd period - Penalty to Marc-Edouard Vlasic is over, Marc-Edouard Vlasic is back on ice.
13:46 of 2nd period - Tyler Toffoli is hit by Garnet Hathaway and loses puck.
14:01 of 2nd period - Snap shot by Zach Hyman.
14:01 of 2nd period - Shot Hit the Post.
14:09 of 2nd period - Wrist shot by Danton Heinen.
14:09 of 2nd period - Deflect By Sean Couturier.
14:09 of 2nd period - Goal by Sean Couturier - Calgary Flames : 3 - Vegas Golden Knights : 3.
14:10 of 2nd period - J.T. Miller wins face-off versus Auston Matthews in neutral zone.
14:14 of 2nd period - Off-side.
14:15 of 2nd period - Auston Matthews wins face-off versus J.T. Miller in neutral zone.
14:18 of 2nd period - Slapshot by Roman Josi.
14:18 of 2nd period - Deflect By Bryan Rust.
14:18 of 2nd period - Stopped by Ilya Sorokin without a rebound.
14:19 of 2nd period - Auston Matthews wins face-off versus Matthew Tkachuk in Calgary Flames zone.
14:26 of 2nd period - Snap shot by Bryan Rust.
14:26 of 2nd period - Stopped by Ilya Sorokin with a rebound.
14:28 of 2nd period - Wrist shot by Bryan Rust.
14:28 of 2nd period - Shot Blocked by Drew Doughty.
14:30 of 2nd period - Snap shot by Reilly Smith.
14:30 of 2nd period - Stopped by Ilya Sorokin with a rebound.
14:32 of 2nd period - Slapshot by Ryan Graves.
14:32 of 2nd period - Stopped by Ilya Sorokin with a rebound.
14:34 of 2nd period - Slapshot by Roman Josi.
14:34 of 2nd period - Shot Blocked by Kris Letang.
14:36 of 2nd period - Wrist shot by Bryan Rust.
14:36 of 2nd period - Shot Misses the Net.
14:38 of 2nd period - Snap shot by Reilly Smith.
14:38 of 2nd period - Stopped by Ilya Sorokin with a rebound.
14:40 of 2nd period - Slapshot by Reilly Smith.
14:40 of 2nd period - Shot Blocked by J.T. Miller.
14:42 of 2nd period - Slapshot by Auston Matthews.
14:42 of 2nd period - Stopped by Ilya Sorokin without a rebound.
14:43 of 2nd period - Sean Monahan wins face-off versus Sebastian Aho in Calgary Flames zone.
14:57 of 2nd period - Off-side.
14:58 of 2nd period - Auston Matthews wins face-off versus Matthew Tkachuk in neutral zone.
15:25 of 2nd period - Kris Letang is hit by Tyler Toffoli and loses puck.
16:21 of 2nd period - Slapshot by Vincent Desharnais.
16:21 of 2nd period - Shot Misses the Net.
16:40 of 2nd period - Snap shot by J.T. Miller.
16:40 of 2nd period - Shot Blocked by Thomas Chabot.
17:14 of 2nd period - Slapshot by J.T. Miller.
17:14 of 2nd period - Shot Hit the Post.
17:16 of 2nd period - Slapshot by Jake Middleton.
17:16 of 2nd period - Stopped by Cayden Primeau without a rebound.
17:17 of 2nd period - Jordan Staal wins face-off versus Zach Hyman in Vegas Golden Knights zone.
17:24 of 2nd period - Slapshot by Roman Josi.
17:24 of 2nd period - Deflect By Danton Heinen.
17:24 of 2nd period - Stopped by Ilya Sorokin without a rebound.
17:25 of 2nd period - Sean Monahan wins face-off versus Sebastian Aho in Calgary Flames zone.
18:52 of 2nd period - Wrist shot by Pierre-edouard Bellemare.
18:52 of 2nd period - Shot Misses the Net.
19:44 of 2nd period - Slapshot by Pierre-edouard Bellemare.
19:44 of 2nd period - Stopped by Ilya Sorokin with a rebound.
19:50 of 2nd period - Pierre-edouard Bellemare is hit by Oliver Bjorkstrand and loses puck.
Goals for this period are 2 for Calgary Flames vs 3 for Vegas Golden Knights.
Shots for this period are 12 for Calgary Flames vs 24 for Vegas Golden Knights.
3rd period
0:01 of 3rd period - Sean Monahan wins face-off versus Pavel Zacha in neutral zone.
0:04 of 3rd period - Snap shot by Tyler Bertuzzi.
0:04 of 3rd period - Shot Blocked by J.T. Miller.
0:06 of 3rd period - Snap shot by Tyler Bertuzzi.
0:06 of 3rd period - Stopped by Ilya Sorokin without a rebound.
0:07 of 3rd period - J.T. Miller wins face-off versus Sean Monahan in Calgary Flames zone.
1:21 of 3rd period - Wrist shot by Oliver Bjorkstrand.
1:21 of 3rd period - Shot Misses the Net.
1:23 of 3rd period - Slapshot by Jake Middleton.
1:23 of 3rd period - Shot Misses the Net.
1:25 of 3rd period - Slapshot by Jake Middleton.
1:25 of 3rd period - Stopped by Cayden Primeau with a rebound.
1:27 of 3rd period - Slapshot by Rasmus Andersson.
1:27 of 3rd period - Shot Misses the Net.
1:29 of 3rd period - Snap shot by Cole Sillinger.
1:29 of 3rd period - Stopped by Cayden Primeau with a rebound.
1:31 of 3rd period - Snap shot by Oliver Bjorkstrand.
1:31 of 3rd period - Shot Misses the Net.
1:37 of 3rd period - Snap shot by Mathieu Joseph.
1:37 of 3rd period - Shot Misses the Net.
1:39 of 3rd period - Wrist shot by Mathieu Joseph.
1:39 of 3rd period - Shot Misses the Net.
1:41 of 3rd period - Snap shot by Rasmus Andersson.
1:41 of 3rd period - Shot Blocked by Roman Josi.
1:43 of 3rd period - Wrist shot by Oliver Bjorkstrand.
1:43 of 3rd period - Stopped by Cayden Primeau with a rebound.
2:05 of 3rd period - Snap shot by Mathieu Joseph.
2:05 of 3rd period - Shot Misses the Net.
2:15 of 3rd period - Snap shot by Oliver Bjorkstrand.
2:15 of 3rd period - Shot Misses the Net.
2:17 of 3rd period - Snap shot by Cole Sillinger.
2:17 of 3rd period - Shot Misses the Net.
2:59 of 3rd period - Cole Sillinger is hit by Ryan Graves and loses puck.
3:08 of 3rd period - Snap shot by Mathieu Joseph.
3:08 of 3rd period - Deflect By Oliver Bjorkstrand.
3:08 of 3rd period - Shot Misses the Net.
3:08 of 3rd period - Puck is out of play.
3:09 of 3rd period - Pavel Zacha wins face-off versus Auston Matthews in Vegas Golden Knights zone.
3:23 of 3rd period - Icing by Bryan Rust.
3:24 of 3rd period - Sebastian Aho wins face-off versus Auston Matthews in Vegas Golden Knights zone.
3:25 of 3rd period - Snap shot by Zach Hyman.
3:25 of 3rd period - Stopped by Cayden Primeau with a rebound.
3:45 of 3rd period - Wrist shot by Auston Matthews.
3:45 of 3rd period - Shot Blocked by Joel Eriksson Ek.
3:47 of 3rd period - Snap shot by John Marino.
3:47 of 3rd period - Deflect By Reilly Smith.
3:47 of 3rd period - Shot Misses the Net.
3:47 of 3rd period - Puck is out of play.
3:48 of 3rd period - Sean Couturier wins face-off versus J.T. Miller in Calgary Flames zone.
4:19 of 3rd period - Wrist shot by Auston Matthews.
4:19 of 3rd period - Shot Misses the Net.
4:21 of 3rd period - Wrist shot by Auston Matthews.
4:21 of 3rd period - Shot Blocked by Nic Dowd.
4:23 of 3rd period - Wrist shot by Marc-Edouard Vlasic.
4:23 of 3rd period - Stopped by Ilya Sorokin with a rebound.
4:25 of 3rd period - Slapshot by Thomas Chabot.
4:25 of 3rd period - Shot Blocked by Nic Dowd.
4:27 of 3rd period - Snap shot by Marc-Edouard Vlasic.
4:27 of 3rd period - Stopped by Ilya Sorokin with a rebound.
4:56 of 3rd period - Kris Letang is hit by John Marino and loses puck.
5:33 of 3rd period - Snap shot by Joel Eriksson Ek.
5:33 of 3rd period - Stopped by Cayden Primeau with a rebound.
5:35 of 3rd period - Slapshot by Drew Doughty.
5:35 of 3rd period - Shot Misses the Net.
5:37 of 3rd period - Backhand shot by Drew Doughty.
5:37 of 3rd period - Deflect By Roman Josi.
5:37 of 3rd period - Stopped by Cayden Primeau with a rebound.
5:39 of 3rd period - Slapshot by Drew Doughty.
5:39 of 3rd period - Stopped by Cayden Primeau without a rebound.
5:40 of 3rd period - Sean Couturier wins face-off versus Sebastian Aho in Vegas Golden Knights zone.
6:07 of 3rd period - Snap shot by Sebastian Aho.
6:07 of 3rd period - Stopped by Cayden Primeau without a rebound.
6:08 of 3rd period - J.T. Miller wins face-off versus Auston Matthews in Vegas Golden Knights zone.
6:35 of 3rd period - Oliver Bjorkstrand is hit by Tyler Bertuzzi and loses puck.
7:06 of 3rd period - Wrist shot by Sebastian Aho.
7:06 of 3rd period - Shot Blocked by Danton Heinen.
7:08 of 3rd period - Slapshot by Rasmus Andersson.
7:08 of 3rd period - Stopped by Cayden Primeau with a rebound.
7:10 of 3rd period - Snap shot by Joel Eriksson Ek.
7:10 of 3rd period - Stopped by Cayden Primeau with a rebound.
7:21 of 3rd period - Thomas Chabot is hit by Vincent Desharnais and loses puck.
7:26 of 3rd period - Snap shot by Thomas Chabot.
7:26 of 3rd period - Deflect By Trevor Lewis.
7:26 of 3rd period - Stopped by Ilya Sorokin with a rebound.
7:28 of 3rd period - Slapshot by Thomas Chabot.
7:28 of 3rd period - Shot Blocked by Yakov Trenin.
7:30 of 3rd period - Wrist shot by Pierre-edouard Bellemare.
7:30 of 3rd period - Stopped by Ilya Sorokin with a rebound.
7:46 of 3rd period - Slapshot by Yakov Trenin.
7:46 of 3rd period - Shot Misses the Net.
8:08 of 3rd period - Wrist shot by Tyler Toffoli.
8:08 of 3rd period - Shot Misses the Net.
8:46 of 3rd period - Slapshot by Pierre-edouard Bellemare.
8:46 of 3rd period - Stopped by Ilya Sorokin without a rebound.
8:47 of 3rd period - J.T. Miller wins face-off versus Pierre-edouard Bellemare in Calgary Flames zone.
9:02 of 3rd period - Slapshot by Matthew Tkachuk.
9:02 of 3rd period - Deflect By Roman Josi.
9:02 of 3rd period - Shot Misses the Net.
9:02 of 3rd period - Puck is out of play.
9:03 of 3rd period - Sebastian Aho wins face-off versus Auston Matthews in Vegas Golden Knights zone.
9:18 of 3rd period - Snap shot by Sebastian Aho.
9:18 of 3rd period - Stopped by Cayden Primeau without a rebound.
9:19 of 3rd period - Sean Monahan wins face-off versus J.T. Miller in Vegas Golden Knights zone.
9:19 of 3rd period - Sean Monahan is hit by Jeremy Lauzon.
9:56 of 3rd period - Off-side.
9:57 of 3rd period - J.T. Miller wins face-off versus Sean Monahan in neutral zone.
10:25 of 3rd period - Snap shot by Auston Matthews.
10:25 of 3rd period - Stopped by Ilya Sorokin with a rebound.
10:27 of 3rd period - Slapshot by Roman Josi.
10:27 of 3rd period - Shot Misses the Net.
10:29 of 3rd period - Snap shot by Auston Matthews.
10:29 of 3rd period - Goal by Auston Matthews - Calgary Flames : 3 - Vegas Golden Knights : 4.
10:30 of 3rd period - Auston Matthews wins face-off versus Sebastian Aho in neutral zone.
10:35 of 3rd period - Wrist shot by Auston Matthews.
10:35 of 3rd period - Shot Misses the Net.
10:49 of 3rd period - Auston Matthews is hit by Sebastian Aho and loses puck.
11:02 of 3rd period - Wrist shot by Matthew Tkachuk.
11:02 of 3rd period - Shot Misses the Net.
11:04 of 3rd period - Wrist shot by J.T. Miller.
11:04 of 3rd period - Stopped by Cayden Primeau without a rebound.
11:05 of 3rd period - J.T. Miller wins face-off versus Danton Heinen in Vegas Golden Knights zone.
11:22 of 3rd period - J.T. Miller is hit by Sean Couturier.
12:06 of 3rd period - Snap shot by Thomas Chabot.
12:06 of 3rd period - Deflect By Joel Eriksson Ek.
12:06 of 3rd period - Stopped by Ilya Sorokin without a rebound.
12:07 of 3rd period - J.T. Miller wins face-off versus Auston Matthews in Calgary Flames zone.
12:12 of 3rd period - Roman Josi is hit by Pavel Zacha and loses puck.
12:31 of 3rd period - Minor Penalty to Roman Josi for Hooking.
12:32 of 3rd period - Joel Eriksson Ek wins face-off versus Sean Couturier in Vegas Golden Knights zone.
12:37 of 3rd period - Wrist shot by Joel Eriksson Ek.
12:37 of 3rd period - Shot Blocked by John Marino.
12:39 of 3rd period - Slapshot by Joel Eriksson Ek.
12:39 of 3rd period - Stopped by Cayden Primeau without a rebound.
12:40 of 3rd period - Sean Couturier wins face-off versus Joel Eriksson Ek in Vegas Golden Knights zone.
13:41 of 3rd period - Snap shot by Joel Eriksson Ek.
13:41 of 3rd period - Stopped by Cayden Primeau without a rebound.
13:42 of 3rd period - Sean Couturier wins face-off versus Sebastian Aho in Vegas Golden Knights zone.
13:42 of 3rd period - Sean Couturier is hit by Zach Hyman.
14:31 of 3rd period - Penalty to Roman Josi is over, Roman Josi is back on ice.
15:02 of 3rd period - Slapshot by Auston Matthews.
15:02 of 3rd period - Shot Blocked by Jeremy Lauzon.
15:04 of 3rd period - Slapshot by Roman Josi.
15:04 of 3rd period - Goal by Roman Josi - Calgary Flames : 3 - Vegas Golden Knights : 5.
15:05 of 3rd period - Sean Couturier wins face-off versus Nic Dowd in neutral zone.
15:08 of 3rd period - Slapshot by Roman Josi.
15:08 of 3rd period - Shot Misses the Net.
15:30 of 3rd period - Oliver Bjorkstrand is hit by Auston Matthews and loses puck.
15:47 of 3rd period - Minor Penalty to Cole Sillinger for Tripping.
15:48 of 3rd period - Sean Monahan wins face-off versus Pavel Zacha in Calgary Flames zone.
16:17 of 3rd period - Bryan Rust is hit by Kris Letang.
16:23 of 3rd period - Slapshot by John Marino.
16:23 of 3rd period - Shot Blocked by Joel Eriksson Ek.
16:25 of 3rd period - Slapshot by John Marino.
16:25 of 3rd period - Shot Misses the Net.
16:27 of 3rd period - Slapshot by Thomas Chabot.
16:27 of 3rd period - Shot Misses the Net.
17:47 of 3rd period - Penalty to Cole Sillinger is over, Cole Sillinger is back on ice.
17:51 of 3rd period - J.T. Miller is hit by Thomas Chabot and loses puck.
18:14 of 3rd period - Slapshot by Kris Letang.
18:14 of 3rd period - Stopped by Cayden Primeau with a rebound.
18:18 of 3rd period - Slapshot by Garnet Hathaway.
18:18 of 3rd period - Stopped by Cayden Primeau with a rebound.
18:20 of 3rd period - Snap shot by Yakov Trenin.
18:20 of 3rd period - Goal by Yakov Trenin - Calgary Flames : 4 - Vegas Golden Knights : 5.
18:21 of 3rd period - Sean Couturier wins face-off versus Oliver Bjorkstrand in neutral zone.
18:28 of 3rd period - Slapshot by Shea Theodore.
18:28 of 3rd period - Deflect By Danton Heinen.
18:28 of 3rd period - Stopped by Ilya Sorokin with a rebound.
18:30 of 3rd period - Slapshot by John Marino.
18:30 of 3rd period - Stopped by Ilya Sorokin without a rebound.
18:31 of 3rd period - Sean Couturier wins face-off versus Oliver Bjorkstrand in Calgary Flames zone.
18:44 of 3rd period - Calgary Flames, Ilya Sorokin is pulled from the net.
18:46 of 3rd period - Snap shot by Mathieu Joseph.
18:46 of 3rd period - Stopped by Cayden Primeau without a rebound.
18:47 of 3rd period - Bruce Boudreau call a timeout for Calgary Flames.
18:47 of 3rd period - Sean Couturier wins face-off versus J.T. Miller in Vegas Golden Knights zone.
18:47 of 3rd period - Sean Couturier is hit by Drew Doughty.
18:50 of 3rd period - Icing by Jordan Staal.
18:51 of 3rd period - J.T. Miller wins face-off versus Sean Couturier in Vegas Golden Knights zone.
19:06 of 3rd period - Snap shot by Matthew Tkachuk.
19:06 of 3rd period - Stopped by Cayden Primeau with a rebound.
19:08 of 3rd period - Slapshot by Drew Doughty.
19:08 of 3rd period - Shot Misses the Net.
19:24 of 3rd period - Slapshot by J.T. Miller.
19:24 of 3rd period - Shot Blocked by John Marino.
Goals for this period are 1 for Calgary Flames vs 2 for Vegas Golden Knights.
Shots for this period are 19 for Calgary Flames vs 12 for Vegas Golden Knights.
Back to the Top